Map: Kairos Junction LE

Players

brock

  • Race: Terran Terran
  • League: Silver
  • Spawn Location: 5:00

Seph - Winner!

  • Race: Terran Terran
  • League: Bronze
  • Spawn Location: 11:00

VOD

Have the link to the VOD?

Description

Time

  • Played on: Feb. 15, 2019, 11:30 p.m.
  • Length: 19:18
Show
View Real Time Build Order
Export as new Build Order

brock Terran 

Build Orders: Gas First Reaper Expand 

Get SALT Encoding   

  12  0:04  SCV  
  13  0:20  Supply Depot  
  13  0:25  SCV  
  14  0:30  Refinery  
  14  0:37  SCV  
  15  0:50  Barracks  
  15  0:55  SCV  
  16  1:16  SCV  
  17  1:37  Reaper  
  17  1:38  Supply Depot  
  18  2:08  Factory  
  18  2:09  Marine  
  19  2:25  Command Center  
  19  2:43  Marine  
  19  2:55  Factory Tech Lab  
  19  2:56  Barracks  
  19  2:59  Refinery  
  19  3:00  SCV  
  19  3:01  Marine  
  21  3:12  SCV  
  22  3:15  Siege Tank  
  22  3:19  Marine  
  26  3:24  SCV  
  27  3:36  SCV  
  28  3:42  Refinery  
  28  3:44  SCV  
  28  3:47  Siege Tank  
  28  3:48  SCV  
  33  3:56  SCV  
  33  4:00  SCV  
  33  4:02  Barracks Tech Lab  
  35  4:05  Barracks  
  35  4:12  Barracks Reactor  
  35  4:20  Siege Tank  
  38  4:31  SCV  
  39  4:37  Orbital Command  
  39  4:43  SCV  
  40  4:46  Marauder  
  42  4:55  SCV  
  42  4:57  Marine x2  
  45  5:07  SCV  
  45  5:12  Engineering Bay  
  46  5:14  Marauder  
  46  5:18  Supply Depot  
  48  5:25  SCV  
  48  5:27  Supply Depot  
  48  5:28  Marine  
  50  5:34  Marine  
  50  5:35  Marine  
  52  5:36  Marine  
  52  5:37  SCV  
  54  5:45  Supply Depot  
  54  5:48  Orbital Command  
  54  5:49  SCV  
  55  5:56  Missile Turret  
  55  6:04  Marine x2, Missile Turret  
  56  6:05  Marine  
  58  6:33  Marauder  
  58  6:34  Marine x2  
  58  6:36  Siege Tank  
  65  6:45  Starport  
  65  6:52  Terran Infantry Weapons Level 1  
  65  6:54  Marauder, SCV  
  65  6:56  Armory  
  68  7:06  SCV  
  69  7:08  Siege Tank  
  72  7:16  Command Center  
  72  7:19  SCV  
  72  7:30  Starport  
  72  7:41  Starport Tech Lab  
  72  7:50  Missile Turret  
  72  7:55  Starport  
  72  7:56  Terran Ship Weapons Level 1  
  72  8:02  Barracks Reactor  
  72  8:03  Marine x2  
  72  8:04  Marine  
  75  8:15  SCV  
  76  8:27  SCV  
  76  8:31  Refinery  
  77  8:39  SCV  
  78  8:41  Refinery  
  78  8:46  SCV, Terran Infantry Armor Level 1  
  79  8:52  SCV  
  80  8:58  SCV  
  81  9:03  Thor  
  81  9:04  SCV  
  81  9:08  Factory  
  88  9:10  SCV  
  88  9:11  Fusion Core  
  88  9:16  Viking  
  91  9:17  Medivac  
  91  9:19  Starport Tech Lab  
  93  9:25  Missile Turret  
  93  9:36  Marine x4  
  93  9:37  SCV  
  98  9:45  Viking  
  98  9:46  Supply Depot  
  98  9:49  SCV  
  98  9:51  SCV  
  102  9:58  Command Center  
  102  10:01  SCV, Supply Depot  
  102  10:02  Barracks  
  102  10:04  SCV  
  104  10:10  Refinery  
  104  10:12  SCV  
  104  10:13  SCV  
  106  10:16  SCV  
  106  10:17  Weapon Refit  
  106  10:19  Terran Vehicle Weapons Level 1  
  107  10:23  Marine x4  
  107  10:24  Marine, SCV  
  107  10:25  SCV  
  107  10:28  SCV  
  115  10:29  Viking  
  115  10:34  Medivac  
  119  10:37  SCV x2  
  119  10:40  Terran Infantry Weapons Level 2, SCV, Marine  
  119  10:42  Marauder  
  125  10:50  Bunker  
  125  10:54  Missile Turret  
  125  10:57  Missile Turret  
  125  11:00  Missile Turret  
  125  11:10  Marauder, SCV  
  125  11:11  Thor  
  134  11:12  Factory Tech Lab  
  134  11:19  Command Center  
  134  11:21  Orbital Command  
  134  11:24  Barracks Reactor  
  134  11:28  Factory  
  134  11:31  Marauder  
  136  11:47  Command Center  
  136  11:54  Orbital Command  
  136  12:03  Marine x2  
  138  12:13  Terran Vehicle And Ship Armor Level 1  
  138  12:19  Factory Tech Lab  
  138  12:20  Marine x2  
  138  12:21  Refinery  
  140  12:38  Marine x2, Battlecruiser  
  140  12:41  Starport Tech Lab  
  140  12:43  Battlecruiser  
  154  12:48  Supply Depot  
  154  12:56  Marine, Neosteel Armor  
  154  12:57  Supply Depot  
  154  12:58  Marine  
  156  13:03  Marine x5  
  161  13:08  Siege Tank  
  161  13:11  Thor, Supply Depot  
  170  13:20  Marine  
  170  13:21  Marine x4  
  170  13:25  SCV  
  176  13:32  Missile Turret  
  176  13:38  SCV, Marine x2  
  176  13:39  Marine x3  
  176  13:40  Siege Tank  
  185  13:47  Battlecruiser  
  191  13:50  SCV  
  191  13:53  Missile Turret  
  191  13:54  Sensor Tower  
  192  13:56  Marine x2  
  194  14:22  Missile Turret  
  194  14:36  Terran Infantry Armor Level 2  
  194  14:40  Marine x3, SCV  
  194  14:43  Terran Vehicle Weapons Level 2, Supply Depot  
  194  14:44  Sensor Tower  
  198  14:52  SCV  
  198  14:53  Marine x2  
  200  15:32  Battlecruiser  
  153  16:24  Battlecruiser x2  
  145  16:28  Marine  
  145  16:29  Marine x4  
  145  16:32  Marine x2  
  127  16:35  Thor  
  127  16:38  Thor  
  134  16:46  Factory, Marine  
  134  16:47  Marine x4  
  135  16:50  Marine x2  
  135  16:58  Terran Vehicle And Ship Armor Level 2  
  123  17:02  Missile Turret  
  123  17:04  Marine x2, Missile Turret  
  123  17:05  Marine x3  
  123  17:08  Marine x2  
  128  17:11  Missile Turret  
  130  17:18  Thor, Missile Turret  
  130  17:20  Thor  
  130  17:22  Marine x5  
  143  17:24  Thor  
  143  17:25  Missile Turret x2  
  143  17:26  Marine x2  
  155  17:31  Battlecruiser  
  158  17:40  Marine x5  
  158  17:44  Marine x2  
  140  17:57  Marine  
  140  17:58  Marine x4  
  129  18:01  Thor, Marine  
  129  18:02  Marine  
  129  18:03  Thor  
  122  18:16  Marine x3  
  122  18:19  Marine x2  
  109  18:30  Missile Turret  
  109  18:32  Missile Turret x2  
  109  18:34  Marine  
  103  18:36  Missile Turret  
  103  18:37  Marine x2  
  102  18:41  Factory Reactor  
  113  18:55  Marine x2  
Show
View Real Time Build Order
Export as new Build Order

Seph Terran - Winner!

Build Orders:  

Get SALT Encoding   

  12  0:19  SCV  
  13  0:24  Supply Depot  
  13  0:38  SCV  
  14  0:44  Supply Depot  
  14  0:50  SCV  
  14  0:52  Barracks  
  15  1:00  Refinery  
  15  1:02  SCV  
  16  1:19  SCV  
  17  1:31  SCV  
  18  1:39  Barracks Tech Lab  
  18  1:40  Barracks  
  18  1:43  SCV  
  19  1:53  Refinery  
  19  1:56  SCV  
  19  1:59  Marauder  
  22  2:14  Supply Depot  
  22  2:15  Orbital Command  
  24  2:23  Marauder  
  24  2:28  Barracks Reactor  
  24  2:52  Marauder  
  26  3:09  Marine  
  26  3:11  Command Center  
  27  3:14  Marine  
  28  3:22  Marauder  
  30  3:27  Marine  
  30  3:31  Marine  
  32  3:41  SCV  
  33  3:45  Marine  
  34  3:53  SCV  
  35  4:02  Factory  
  35  4:03  Marine  
  35  4:05  SCV, Marine  
  38  4:17  SCV, Supply Depot  
  39  4:29  SCV  
  40  4:31  Marine x2  
  40  4:35  Marauder  
  44  4:39  SCV  
  45  4:46  Engineering Bay  
  45  4:51  SCV  
  46  4:55  Supply Depot  
  46  5:03  SCV  
  47  5:09  Starport  
  47  5:15  SCV  
  47  5:16  Starport  
  48  5:28  SCV  
  49  5:30  Starport  
  49  5:40  SCV  
  49  5:41  Marine x2  
  52  5:47  Marauder  
  54  5:52  SCV  
  56  6:04  Refinery, SCV  
  56  6:10  Starport Tech Lab x2  
  56  6:11  Starport Tech Lab  
  56  6:16  SCV  
  57  6:28  SCV  
  57  6:31  Starport  
  58  6:35  SCV  
  59  6:40  Marine x2, SCV  
  59  6:42  Marauder  
  64  7:02  Marine  
  64  7:03  Marauder, Marine  
  64  7:04  Planetary Fortress  
  64  7:07  SCV  
  69  7:19  SCV  
  69  7:21  Refinery  
  70  7:23  Supply Depot  
  70  7:26  Starport Tech Lab  
  62  7:38  Fusion Core  
  62  7:49  Armory x2  
  62  7:55  Marine  
  62  7:56  Marine  
  64  7:59  Marauder  
  64  8:05  SCV  
  67  8:10  SCV  
  68  8:13  Marine x2  
  68  8:17  SCV  
  71  8:21  Marauder  
  71  8:22  SCV  
  71  8:24  Supply Depot  
  74  8:27  Supply Depot  
  74  8:34  SCV  
  75  8:40  Terran Ship Weapons Level 1  
  75  8:42  Terran Vehicle And Ship Armor Level 1  
  75  8:45  Battlecruiser  
  81  8:49  Battlecruiser  
  87  9:03  SCV  
  87  9:04  Command Center  
  88  9:10  Supply Depot  
  88  9:13  Supply Depot  
  88  9:15  Battlecruiser  
  94  9:32  SCV  
  95  9:44  SCV  
  96  9:46  Weapon Refit  
  96  9:47  Battlecruiser  
  102  9:56  SCV  
  102  9:58  Refinery x2  
  103  10:07  Supply Depot  
  103  10:08  SCV, Supply Depot  
  103  10:09  Supply Depot  
  104  10:19  Supply Depot  
  104  10:21  Supply Depot  
  104  10:33  Planetary Fortress  
  104  10:42  Supply Depot  
  104  10:45  Supply Depot  
  104  10:47  SCV  
  105  10:52  SCV  
  106  10:59  SCV  
  106  11:04  SCV  
  108  11:06  Supply Depot  
  108  11:11  SCV  
  109  11:16  SCV  
  110  11:20  SCV  
  111  11:29  Battlecruiser x3  
  111  11:32  SCV  
  130  11:33  Terran Ship Weapons Level 2  
  130  11:41  Terran Vehicle And Ship Armor Level 2  
  130  11:44  SCV  
  131  11:51  Supply Depot  
  131  11:52  Supply Depot  
  131  11:56  SCV  
  132  12:05  Starport  
  132  12:08  SCV  
  132  12:14  Supply Depot  
  132  12:15  Starport  
  133  12:16  Supply Depot  
  133  12:29  SCV  
  134  12:41  Battlecruiser x2  
  134  12:43  Starport Tech Lab  
  146  12:51  Starport Tech Lab  
  146  12:52  Command Center  
  146  12:55  Battlecruiser  
  152  13:26  Battlecruiser  
  158  13:28  Battlecruiser  
  164  13:52  Refinery  
  164  13:54  Missile Turret  
  164  14:05  Refinery  
  164  14:11  Planetary Fortress  
  164  14:16  Battlecruiser x2  
  176  14:54  SCV  
  177  15:01  Battlecruiser x2  
  177  15:06  SCV  
  190  15:18  SCV  
  127  17:03  Marine x2  
  127  17:07  Marine  
  130  17:20  Marine  
  130  17:21  Marine  
  132  17:24  Marine, Battlecruiser x5  
  132  17:25  Battlecruiser  
  169  17:38  Marine x2  
  169  17:42  Marine  
  170  17:56  Marine x2  
  171  18:00  Marine  
  163  18:18  Marine  
Tags
 
Add a new tag
Caveats
  • Supply blocks, unpowered buildings, or Contaminate may cause inaccurate times.
  • Supply counts are checked every 10 seconds.